 Dungeon Sprint DCSS version 0.21.1-1-g345015f (webtiles) character file.

19844 Fang the Executioner (level 12, -14/133 HPs)
             Began as a Minotaur Berserker on May 31, 2018.
             Was the Champion of Trog.
             Demolished by an ettin
             ... wielding a +0 dire flail
              (23 damage)
             ... in the Dungeon (Sprint IX: "|||||||||||||||||||||||||||||").
             The game lasted 00:06:28 (3156 turns).

Fang the Executioner (Minotaur Berserker)           Turns: 3156, Time: 00:06:29

Health: -14/133    AC: 28    Str: 27    XL:     12   Next: 40%
Magic:  11/11      EV: 12    Int:  4    God:    Trog [******]
Gold:   1926       SH:  0    Dex: 10    Spells: 11/11 levels left

rFire    . . .     SeeInvis .   w - +5 broad axe (venom)
rCold    . . .     Gourm    .   (no shield)
rNeg     . . .     Faith    .   D - +2 plate armour {MR+}
rPois    .         Spirit   .   (helmet restricted)
rElec    .         Reflect  .   C - +1 cloak
rCorr    .         Harm     .   (no gloves)
MR       +....     NoTele   +   B - +1 pair of boots
Stlth    ..........             (no amulet)
HPRegen  0.32/turn              p - +2 ring of protection
MPRegen  0.12/turn              o - +2 ring of protection

@: berserk cooldown, slowed, very slow
A: retaliatory headbutt, horns 2
a: Berserk, Trog's Hand, Brothers in Arms, Burn Spellbooks, Renounce Religion


You were in the Dungeon.
You worshipped Trog.
Trog was exalted by your worship.
You were near starving.

You visited 1 branch You collected 1926 gold pieces.

Inventory:

Hand Weapons
 c - a +5 antimagic battleaxe
 n - a +3 war axe of distortion
 w - a +5 broad axe of venom (weapon)
 x - a +3 battleaxe of draining
Armour
 B - a +1 pair of boots (worn)
 C - a +1 cloak (worn)
 D - a +2 plate armour of magic resistance (worn)
Jewellery
 o - a +2 ring of protection (right hand)
 p - a +2 ring of protection (left hand)
 y - an uncursed ring of protection from magic
 z - an uncursed ring of fire
 A - an uncursed ring of see invisible
Wands
 m - a wand of acid (10)
Scrolls
 a - a scroll of magic mapping
 i - 2 scrolls of blinking
 l - 4 scrolls of remove curse
 s - a scroll of enchant weapon
 t - 2 scrolls of fear
 u - 3 scrolls of fog
 v - 4 scrolls of identify
 F - 2 scrolls of enchant armour
Potions
 d - 6 potions of curing
 e - 5 potions of heal wounds
 f - a potion of haste
 g - 4 potions of magic
 h - 2 potions of berserk rage
 j - 2 potions of might
 k - a potion of invisibility
 r - 3 potions of agility
 E - a potion of brilliance
Comestibles
 b - 8 rations


   Skills:
 + Level 20.1 Fighting
 + Level 22.7 Axes
 + Level 15.6 Armour
 + Level 10.3 Dodging
 + Level 4.0 Stealth


You had 11 spell levels left.
You didn't know any spells.

Dungeon Overview and Level Annotations

Branches:
Dungeon (1/1)

Altars:
Cheibriados
Dithmenos
Elyvilon
Fedhas
Gozag
Hepliaklqana
Kikubaaqudgha
Makhleb
Nemelex Xobeh
Okawaru
Qazlal
Ru
Sif Muna
Trog
Uskayaw
Vehumet
Wu Jian
Xom
Yredelemnul
Zin
The Shining One
Beogh
Jiyva
Lugonu

Shops:
D }*(:


Innate Abilities, Weirdness & Mutations

You reflexively headbutt those who attack you in melee.
You have a pair of horns on your head.


Message History

You slash the ettin!
The ettin is poisoned.
You headbutt the ettin, but do no damage.
The ettin is lightly wounded.
The ettin hits you with a dire flail!! The ettin barely misses you.
Unknown command.
Your plate armour prevents you from hitting the ettin.
The ettin is lightly wounded.
The ettin closely misses you. The ettin hits you with a dire flail.
Unknown command.
You slash the ettin!
The ettin looks as sick as possible!
You headbutt the ettin.
The ettin is heavily wounded.
The ettin hits you with a dire flail!
* * * LOW HITPOINT WARNING * * *
The ettin hits you with a dire flail!!
* * * LOW HITPOINT WARNING * * *
Your plate armour prevents you from hitting the ettin.
The ettin is heavily wounded.
The ettin hits you with a dire flail!!
You die...

▓.▓.▓.▓.▓.▓.▓
▓.▓.▓.▓.▓'▓.▓.▓
▓.▓.▓.▓.▓.▓.▓.▓
▓.▓.▓∩▓.▓.▓.▓)▓
▓O▓.▓.▓.▓.▓.▓'▓
▓c▓.▓∩▓.▓.▓.▓.▓
▓u▓.▓[▓.▓.▓.▓.▓
▓C▓.▓∩▓.▓.▓.▓.▓
▓@▓.▓.▓.▓.▓.▓[▓
▓(▓.▓∩▓.▓.▓.▓[▓
▓.▓.▓)▓.▓.▓.▓)▓
▓.▓.▓[▓.▓.▓.▓|▓
▓[▓.▓)▓.▓.▓.▓?▓
▓)▓.▓)▓.▓.▓.▓.▓
▓)▓.▓[▓.▓'▓.▓'▓
▓.▓.▓)▓.▓)▓.▓_▓
▓.▓.▓.▓.▓.▓.▓_▓


You could see a purple ugly thing, an ettin, a centaur warrior and an ogre mage.

Vanquished Creatures
  A fire giant (D)
  A stone giant (D)
  A yaktaur captain (D)
  6 ogre magi (D)
  A hydra (D)
  4 two-headed ogres (D)
  Sonja (D)
  2 orc knights (D)
  A manticore (D)
  A cyclops (D)
  An ugly thing (D)
  2 spiny frogs (D)
  A rime drake (D)
  2 gargoyles (D)
  A komodo dragon (D)
  A troll (shapeshifter) (D)
  7 polar bears (D)
  2 trolls (D)
  A dream sheep (D)
  A yak (D)
  A water moccasin (D)
  2 black bears (D)
  3 porcupines (D)
  13 orc warriors (D)
  An ice beast (D)
  5 ogres (D)
  3 bullfrogs (D)
  A killer bee (D)
  A crimson imp (D)
  A jelly (D)
  An orc priest (D)
  4 orc wizards (D)
  An adder zombie (D)
  A dart slug (D)
  A leopard gecko (D)
  8 orcs (D)
  A jackal (D)
  A kobold (D)
  A bat (D)
  A frilled lizard (D)
  A jackal zombie (D)
  A rat (D)
91 creatures vanquished.

Vanquished Creatures (others)
  A deep elf mage (D)
  A porcupine (D)
  A centaur (D)
3 creatures vanquished.

Grand Total: 94 creatures vanquished

Notes
Turn   | Place    | Note
-------+----------+-------------------------------------------
     0 | D        | Fang the Minotaur Berserker began the quest for the Orb.
     0 | D        | Reached XP level 1. HP: 19/19 MP: 0/0
     7 | D        | Reached skill level 4 in Axes
     8 | D        | Reached ** piety under Trog
    26 | D        | Noticed a crimson imp
    26 | D        | Noticed an ogre
    29 | D        | Killed an ogre
    29 | D        | Reached skill level 7 in Axes
    29 | D        | Reached XP level 2. HP: 34/34 MP: 1/1
    29 | D        | Reached XP level 3. HP: 39/39 MP: 2/2
    29 | D        | Reached XP level 4. HP: 47/47 MP: 3/3
    34 | D        | Reached *** piety under Trog
    34 | D        | Reached skill level 8 in Axes
    92 | D        | Found a roughly hewn altar of Beogh.
    92 | D        | Found a snail-covered altar of Cheibriados.
    92 | D        | Found a shadowy altar of Dithmenos.
    92 | D        | Found a white marble altar of Elyvilon.
    92 | D        | Found a blossoming altar of Fedhas.
    92 | D        | Found an opulent altar of Gozag.
    93 | D        | Found a hazy altar of Hepliaklqana.
    94 | D        | Found a viscous altar of Jiyva.
    95 | D        | Found an ancient bone altar of Kikubaaqudgha.
    96 | D        | Found a corrupted altar of Lugonu.
    97 | D        | Found a burning altar of Makhleb.
    98 | D        | Found a sparkling altar of Nemelex Xobeh.
    99 | D        | Found an iron altar of Okawaru.
   100 | D        | Found a stormy altar of Qazlal.
   101 | D        | Found a sacrificial altar of Ru.
   102 | D        | Found a deep blue altar of Sif Muna.
   103 | D        | Found a bloodstained altar of Trog.
   104 | D        | Found a hide-covered altar of Uskayaw.
   105 | D        | Found a radiant altar of Vehumet.
   106 | D        | Found an ornate altar of the Wu Jian Council.
   107 | D        | Found a shimmering altar of Xom.
   108 | D        | Found a basalt altar of Yredelemnul.
   109 | D        | Found a glowing silver altar of Zin.
   110 | D        | Found a glowing golden altar of the Shining One.
   155 | D        | Noticed a gargoyle
   156 | D        | Reached **** piety under Trog
   156 | D        | Reached XP level 5. HP: 56/56 MP: 4/4
   157 | D        | Reached skill level 9 in Axes
   217 | D        | Noticed a deep elf mage
   217 | D        | Noticed a two-headed ogre
   217 | D        | Noticed a basilisk
   217 | D        | Noticed a centaur
   217 | D        | Noticed a five-headed hydra
   217 | D        | Noticed a troll
   219 | D        | Noticed an ice beast
   219 | D        | Banished a deep elf mage
   219 | D        | Reached skill level 11 in Axes
   219 | D        | Reached skill level 5 in Armour
   219 | D        | Reached skill level 1 in Stealth
   219 | D        | Reached XP level 6. HP: 68/68 MP: 5/5
   224 | D        | Killed a troll
   224 | D        | Reached ***** piety under Trog
   224 | D        | Reached skill level 12 in Axes
   224 | D        | Reached XP level 7. HP: 75/75 MP: 6/6
   225 | D        | Reached skill level 13 in Axes
   229 | D        | Killed a two-headed ogre
   229 | D        | Reached skill level 14 in Axes
   229 | D        | Reached XP level 8. HP: 86/86 MP: 7/7
   230 | D        | Killed a seven-headed hydra
   230 | D        | Reached skill level 15 in Axes
   230 | D        | Reached XP level 9. HP: 95/95 MP: 8/8
   535 | D        | Killed a gargoyle
   714 | D        | Noticed a spiny frog
   714 | D        | Noticed a rime drake
   724 | D        | Reached skill level 16 in Axes
   726 | D        | Killed a rime drake
   726 | D        | Received a gift from Trog
   726 | D        | Reached skill level 15 in Fighting
   732 | D        | Killed a spiny frog
   983 | D        | Noticed a black mamba
   983 | D        | Noticed a spiny frog
   983 | D        | Noticed a komodo dragon
   985 | D        | Killed a komodo dragon
   989 | D        | Killed a spiny frog
   989 | D        | Reached skill level 17 in Axes
   989 | D        | Reached skill level 10 in Armour
   991 | D        | Reached XP level 10. HP: 96/107 MP: 9/9
   992 | D        | Received a gift from Trog
  1010 | D        | Reached ****** piety under Trog
  1237 | D        | Reached skill level 18 in Axes
  1239 | D        | Received a gift from Trog
  1511 | D        | Noticed Sonja
  1519 | D        | Killed Sonja
  1863 | D        | Noticed an orc knight
  1867 | D        | Received a gift from Trog
  1875 | D        | Killed an orc knight
  1880 | D        | Reached skill level 19 in Axes
  1886 | D        | Received a gift from Trog
  1980 | D        | Noticed an orc knight
  1984 | D        | Killed an orc knight
  1984 | D        | Reached XP level 11. HP: 117/117 MP: 3/10
  1991 | D        | Received a gift from Trog
  2011 | D        | Received a gift from Trog
  2413 | D        | Found Niesyhit's Book Boutique.
  2413 | D        | Noticed a two-headed ogre
  2413 | D        | Noticed an ogre mage
  2413 | D        | Noticed an ogre mage
  2414 | D        | Noticed a two-headed ogre
  2422 | D        | Killed an ogre mage
  2422 | D        | Reached skill level 20 in Axes
  2425 | D        | Noticed an ogre mage
  2429 | D        | Killed an ogre mage
  2430 | D        | Noticed an ogre mage
  2430 | D        | Found Qone's Weapon Shop.
  2433 | D        | Killed a two-headed ogre
  2433 | D        | Received a gift from Trog
  2435 | D        | Killed a two-headed ogre
  2436 | D        | Found Zamp's General Store.
  2438 | D        | Killed an ogre mage
  2438 | D        | Reached skill level 10 in Dodging
  2443 | D        | Killed an ogre mage
  2443 | D        | Reached skill level 21 in Axes
  2444 | D        | Received a gift from Trog
  2445 | D        | Found Laamm's Gadget Shop.
  2448 | D        | Noticed an ogre mage
  2449 | D        | Noticed a two-headed ogre
  2449 | D        | Paralysed by an ogre mage for 7 turns
  2450 | D        | Noticed an ogre mage
  2459 | D        | Killed an ogre mage
  2464 | D        | Killed a two-headed ogre
  2469 | D        | Killed an ogre mage
  3113 | D        | Received a gift from Trog
  3119 | D        | Reached XP level 12. HP: 130/130 MP: 11/11
  3123 | D        | Noticed an ogre mage
  3124 | D        | Noticed a yaktaur captain
  3124 | D        | Reached skill level 22 in Axes
  3125 | D        | Noticed a stone giant
  3128 | D        | Noticed a fire giant
  3132 | D        | Noticed an ettin
  3138 | D        | Noticed a centaur warrior
  3141 | D        | Killed a yaktaur captain
  3141 | D        | Received a gift from Trog
  3141 | D        | Reached skill level 15 in Armour
  3147 | D        | Killed a stone giant
  3152 | D        | Killed a fire giant
  3156 | D        | Demolished by an ettin

Skill      XL: |  1  2  3  4  5  6  7  8  9 10 11 12 |
---------------+-------------------------------------+-----
Fighting       | 7 8 11 13 14 15 17 19 20 | 20.1
Axes           | 7 8 11 12 14 15 17 19 21 22 | 22.7
Armour         | 3 4 5 6 7 8 10 12 14 15 | 15.6
Dodging        | 3 4 6 7 8 9 10 | 10.3
Stealth        | 1 2 3 4 |  4.0

Action                   |  1- 3 |  4- 6 |  7- 9 | 10-12 || total
-------------------------+-------+-------+-------+-------++-------
Melee: Hand axe          |     8 |    11 |       |       ||    19
       Headbutt          |     2 |     5 |     7 |    55 ||    69
       War axe           |       |    11 |    34 |    16 ||    61
       Battleaxe         |       |       |       |   122 ||   122
       Broad axe         |       |       |       |    41 ||    41
Invok: Berserk           |     1 |     2 |     2 |     5 ||    10
  Use: Potion            |       |       |       |     2 ||     2
  Eat: Chunk             |       |       |     2 |     3 ||     5
       Ration            |       |       |     1 |     2 ||     3
Armor: Animal skin       |     1 |     2 |       |       ||     3
       Scale mail        |       |     6 |     3 |    39 ||    48
       Plate armour      |       |       |       |    10 ||    10
Dodge: Dodged            |    10 |     9 |    14 |    83 ||   116
